AoeStats
← Simon Stokvis

Nomad

509626484Analyzed
4v4 RM · 4d ago on Sep 27, 2026· 23m 18s· 8 players
Game mode
Random Map
Map size
231×231
Population
200
Speed
Normal
Resources
Standard
Victory
Conquest
Starting age
Dark Age
Ending age
Imperial Age
RankedLock teamsTeams togetherTeam positionsShared explorationLock speedFull tech treeHidden civsTurbo modeCheats
Victory
Defeat
🇨🇳 Georgians · China
1596
+13
🇳🇱 Malay · Netherlands
1564
+14
🇨🇴 Danes · Colombia
1545
+15
🇭🇰 Saxons · Hong Kong SAR China
1527
+16
1728
-21
🇮🇳 Maya · India
1626
-18
🇫🇷 Burmese · France
1607
-17
🇬🇧 Vietnamese · United Kingdom
1039
-2
Simon Stokvis
7:46 Loom
13:20 Feudal Age
14:48 Double-Bit Axe
18:12 Castle Age
16:17 Fletching
17:53 Bodkin Arrow
23:35 Town Watch
24:18 Ballistics
dendenpuppy
10:24 Loom
12:21 Feudal Age
13:11 Double-Bit Axe
24:41 Castle Age
虎!虎!虎!
14:45 Feudal Age
15:59 Double-Bit Axe
16:02 Fishing Lines
18:28 Castle Age
17:14 Forging
20:25 Loom
20:54 Bow Saw
21:33 Wheelbarrow
22:27 Scale Barding Armor
22:57 Iron Casting
Ux'LeonzAoe
5:21 Loom
13:49 Feudal Age
14:45 Town Watch
14:55 Double-Bit Axe
19:33 Forging
Bread Pudding With Bum Sauce
6:21 Loom
12:14 Feudal Age
15:44 Castle Age
15:07 Double-Bit Axe
17:03 Bow Saw
23:35 Horse Collar
Koti
3:16 Loom
12:47 Feudal Age
MartinusV
4:29 Loom
12:53 Feudal Age
14:39 Fishing Lines
15:31 Town Watch
16:52 Wheelbarrow
19:36 Castle Age
18:11 Horse Collar
18:18 Double-Bit Axe
anshumessi420
9:45 Loom
10:24 Loom
13:23 Feudal Age
17:19 Castle Age
15:45 Fletching
16:14 Double-Bit Axe
18:07 Forging
18:11 Bow Saw
17:57 Bodkin Arrow
Connection lost

Rejoining the realm…

Still unreachable

The connection could not be restored.

Session expired

The server has moved on; the page needs a fresh start.